 Dungeon Crawl Stone Soup version 0.19-a0-1268-g6c5d9f8 (webtiles) character file.

46 inmateoo the Insei (level 3, 0/27 HPs)
             Began as a Demonspawn Transmuter on Aug 29, 2016.
             Slain by a jackal (1 damage)
             ... on level 4 of the Dungeon.
             The game lasted 00:04:41 (2345 turns).

inmateoo the Insei (Demonspawn Transmuter)          Turns: 2345, Time: 00:04:41

Health: 0/27       AC:  5    Str: 10    XL:     3   Next: 44%
Magic:  6/6        EV: 12    Int: 14    God:
Gold:   109        SH:  0    Dex: 14    Spells: 3 memorised, 0 levels left

rFire  + . .     SeeInvis .     m - -3 dagger (curse)
rCold  . . .     Gourm    .     b - +1 robe
rNeg   . . .     Faith    .     (no shield)
rPois  .         Spirit   .     (no helmet)
rElec  .         Dismiss  .     (no cloak)
rCorr  .         Reflect  .     (no gloves)
MR     .....     Harm     .     (no boots)
Stlth  ++........ Clarity  +    (no amulet)
                                h - ring of protection from fire
                                g - ring of stealth

@: exhausted
A: yellow scales 1, clarity, demonic guardian 1
a: no special abilities


You were on level 4 of the Dungeon.
You were hungry.

You visited 1 branch of the dungeon, and saw 4 of its levels.

You collected 109 gold pieces.

Inventory:

Hand Weapons
 e - a +0 mace of holy wrath
 m - a cursed -3 dagger (weapon)
Missiles
 a - 11 arrows
Armour
 b - a +1 robe (worn)
 n - a +0 buckler
Jewellery
 g - a ring of stealth (left hand)
 h - a ring of protection from fire (right hand)
Scrolls
 f - a scroll of teleportation
 p - 2 scrolls of fear
 q - a scroll of magic mapping {unknown}
Potions
 j - a potion of cancellation {unknown}
 o - 2 potions of might
Books
 c - a book of Changes

   Spells                             Type                      Level
   a - Beastly Appendage              Transmutation                1
   b - Sticks to Snakes               Transmutation                2
   c - Spider Form                    Transmutation/Poison         3
   d - Ice Form                       Ice/Transmutation            4
   e - Blade Hands                    Transmutation                5
Comestibles
 d - 2 bread rations
 k - 4 meat rations
 l - a chunk of flesh


   Skills:
 + Level 2.0 Fighting
 + Level 2.1 Dodging
 * Level 2.9 Unarmed Combat
 - Level 2.2 Spellcasting
 - Level 2.3 Transmutations


You couldn't memorise any spells.
You knew the following spells:

 Your Spells              Type           Power        Failure   Level  Hunger
a - Beastly Appendage     Tmut           #.....       12%         1    #......
b - Sticks to Snakes      Tmut           #.......     17%         2    ###....
c - Spider Form           Tmut/Pois      #.........   47%         3    ###....


Dungeon Overview and Level Annotations

Branches:
Dungeon (4/15)
 Temple: D:4-7

Altars:
Dithmenos
Elyvilon
Fedhas
Nemelex Xobeh
Trog
Zin


Innate Abilities, Weirdness & Mutations

You are partially covered in yellow scales. (AC +2)
A weak demonic guardian rushes to your aid.
You possess an exceptional clarity of mind.


Message History

The jackal misses you.
You hit the jackal but do no damage.
The jackal is severely wounded.
The jackal barely misses you.
You barely miss the jackal.
The jackal is severely wounded.
The jackal misses you. The jackal closely misses you.
You hit the jackal.
You kill the jackal!
You closely miss the jackal. The jackal barely misses you.
You hit the jackal but do no damage. The jackal misses you. x2
You barely miss the jackal. The jackal closely misses you.
You barely miss the jackal.
The jackal bites you but does no damage.
The jackal bites you.
* * * LOW HITPOINT WARNING * * *
You hit the jackal.
The jackal is moderately wounded.
The jackal bites you.
You die...

.......$......
....(.....#.#
....>.......# .
............#...
........<......#
....)........###
#######.........
####.....###.
#.@h.....#
#.##...?.# #.
.###### #≈ ≈
##≈≈ ##


You could see a jackal.

Vanquished Creatures
  A giant gecko (D:2)
  2 giant cockroaches (D:1)
  7 goblins (D:1)
  5 hobgoblins
  3 jackals
  11 kobolds
  A bat (D:1)
  2 giant newts (D:1)
  7 rats
39 creatures vanquished.

Notes
Turn   | Place    | Note
-------+----------+-------------------------------------------
     0 | D:1      | inmateoo the Demonspawn Transmuter began the quest for the Orb.
     0 | D:1      | Reached XP level 1. HP: 15/15 MP: 3/3
   471 | D:1      | Gained mutation: A weak demonic guardian rushes to your aid. [demonic ancestry]
   471 | D:1      | Reached XP level 2. HP: 21/21 MP: 5/5
  1297 | D:1      | Gained mutation: You are partially covered in yellow scales. (AC +2) [demonic ancestry]
  1297 | D:1      | Reached XP level 3. HP: 19/27 MP: 6/6
  1438 | D:2      | Found a blossoming altar of Fedhas.
  1468 | D:2      | Found a shadowy altar of Dithmenos.
  1468 | D:2      | Found a glowing silver altar of Zin.
  1760 | D:1      | Gained mutation: Scrolls take you a little longer to read. [potion of mutation]
  1760 | D:1      | Gained mutation: You possess an exceptional clarity of mind. [potion of mutation]
  1760 | D:1      | Lost mutation: Scrolls take you a little longer to read. [potion of mutation]
  1766 | D:1      | Learned a level 2 spell: Sticks to Snakes
  1770 | D:1      | Learned a level 3 spell: Spider Form
  1986 | D:2      | Found a sparkling altar of Nemelex Xobeh.
  2175 | D:3      | Found a faded altar of an unknown god.
  2179 | D:3      | Became a worshipper of Trog the Wrathful
  2179 | D:3      | Reached * piety under Trog
  2183 | D:3      | Fell from the grace of Trog
  2266 | D:3      | Found a white marble altar of Elyvilon.
  2337 | D:4      | HP: 1/27 [jackal (2)]
  2344 | D:4      | HP: 1/27 [jackal (1)]
  2345 | D:4      | Slain by a jackal

Vault maps used:
D:1:      dpeg_arrival_castle, minmay_pentomino_z4
D:2:      lemuel_crystal_altar, gammafunk_temple_overflow_statue,
          nemelex_lonely_heart_becter
D:3:      elyvilon_altar_5, ecumenical_altar_1, minmay_misc_feat_columns
D:4:      gup_sewer_entry_pipe

Skill      XL: |  1  2  3 |
---------------+----------+-----
Transmutations | 2 |  2.3
Dodging        | 2 |  2.1
Fighting       | 2 |  2.0
Unarmed Combat | |  2.9
Spellcasting   | |  2.2

Action                   || total
-------------------------++-------
Melee: Unarmed           ||   147
       Kick              ||     3
       Punch             ||     3
       Headbutt          ||     1
       Dagger            ||   137
 Cast: Beastly Appendage ||    12
       Spider Form       ||     3
       Sticks to Snakes  ||     1
Invok: Renounce Religion ||     1
  Use: Scroll            ||     8
       Potion            ||     2
 Stab: Sleeping          ||     2
  Eat: Chunk             ||     4
       Beef jerky        ||     1
Armor: Robe              ||    86
Dodge: Dodged            ||   232
